 Dungeon Crawl Stone Soup version 0.31-a0-489-g282fc92437 (webtiles) character file.

Game seed: 17388264059428250331

3383 Ethylacetat the Trooper (level 10, -1/80 HPs)
             Began as a Vine Stalker Monk on Aug 7, 2023.
             Was a High Priest of Trog.
             Slain by a two-headed ogre
             ... wielding a +0 giant club
              (11 damage)
             ... on level 8 of the Dungeon.
             The game lasted 00:14:18 (4965 turns).

Ethylacetat the Trooper (Vine Stalker Monk)         Turns: 4965, Time: 00:14:19

Health: -1/80      AC:  9    Str: 23    XL:     10   Next: 4%
Magic:  0/12       EV: 10    Int: 10    God:    Trog [*****.]
Gold:   261        SH:  0    Dex: 17    Spells: 11/11 levels left

rFire   . . .        G - melded +5 morningstar
rCold   + . .        u - melded +0 kite shield
rNeg    . . .        y - melded +2 plate armour {rC+}
rPois   .            (helmet currently unavailable)
rElec   .            (cloak currently unavailable)
rCorr   .            (gloves currently unavailable)
SInv    .            (boots currently unavailable)
Will    +....        F - amulet of regeneration Stlth
                     o - +4 ring of slaying
HPRegen 1.93/turn    b - ring of protection from cold
MPRegen 0.13/turn

%: guardian spirit
@: berserking, snake-form, very quick
A: constrict, reduced hp, large, (fangs 3), regeneration 1, magic shield,
(antimagic bite), no potion heal 2
a: Begin Untransformation, Renounce Religion, Berserk, Trog's Hand, Brothers in
Arms


You were on level 8 of the Dungeon.
You worshipped Trog.
Trog was extremely pleased with you.
You were an enormous anaconda.
You visited 1 branch of the dungeon, and saw 8 of its levels.

You collected 261 gold pieces.

Inventory:

Hand Weapons
 G - a +5 morningstar (melded)
Missiles
 m - 2 throwing nets
Armour
 d - an orb of light
 u - a +0 kite shield (melded)
 y - a +2 plate armour of cold resistance (melded)
Jewellery
 b - a ring of protection from cold (right hand)
 o - a +4 ring of slaying (left hand)
 E - a ring of protection from cold
 F - an amulet of regeneration (around neck)
Talismans
 w - a serpent talisman (active)
Wands
 a - a wand of roots (6)
 s - a wand of flame (25)
 t - a wand of paralysis (6)
 z - a wand of mindburst (32)
Scrolls
 e - 3 scrolls of enchant weapon {unknown}
 f - 3 scrolls of immolation
 i - 2 scrolls of teleportation {unknown}
 j - 2 scrolls of brand weapon {unknown}
 k - a scroll of poison {unknown}
 n - 4 scrolls of identify {unknown}
 p - a scroll of fog {unknown}
 q - 3 scrolls of enchant armour {unknown}
 v - a scroll of silence {unknown}
 B - a scroll of fear {unknown}
 D - 2 scrolls of amnesia {unknown}
Potions
 c - a potion of ambrosia
 g - 2 potions of lignification {unknown}
 h - a potion of haste {unknown}
 l - 5 potions of curing {unknown}
 r - a potion of enlightenment {unknown}
 x - a potion of mutation {unknown}
 A - a potion of might {unknown}
 C - a potion of resistance {unknown}
 H - a potion of invisibility {unknown}
 I - a potion of berserk rage {unknown}
 J - a potion of cancellation {unknown}
 K - a potion of heal wounds {unknown}
 L - a potion of attraction {unknown}


   Skills:
 + Level 7.4 Fighting
 - Level 4.8 Axes
 - Level 2.4 Dodging
 - Level 1.0 Shields
 + Level 5.9 Unarmed Combat
 - Level 1.3 Spellcasting
 * Level 7.1 Shapeshifting


You had 11 spell levels left.
You didn't know any spells.
Your spell library was empty.

Dungeon Overview and Level Annotations

Branches:
Dungeon (8/15)             Temple (0/1) D:6
   Lair: D:8-11

Altars:
Gozag
Nemelex Xobeh
Okawaru
Trog
Yredelemnul

Shops:
D:1 **:   D:4 *


Innate Abilities, Weirdness & Mutations

You are an enormous anaconda.
You have a powerful constriction melee attack.
Your maximum health is decreased, since you lack skill for your form.
Your armour is entirely melded.
You are incapable of wielding weapons or throwing items.
((You have razor-sharp teeth.))
Your natural rate of healing is unusually fast.
When hurt, damage is shared between your health and your magic reserves.
((Your bite disrupts and absorbs the magic of your enemies.))
Potions cannot restore your health.


Message History

Aiming: Paralyse
Press: ? - help, Shift-Dir - straight line, f - two-headed ogre
Aim: a two-headed ogre, wielding two +0 giant clubs (moderately wounded, chance to affect: 31%)
The two-headed ogre easily resists.
The orc wizard points at you and mumbles some strange words.
The magic dart hits you.
Okay, then.
Okay, then.
Lash: -) Nothing wielded
Press: ? - help, Dir - move target, f/p - two-headed ogre
Aim: a two-headed ogre, wielding two +0 giant clubs (moderately wounded, about 18% to evade your hands)
Okay, then.
Aiming: Fastroot
Press: ? - help, Shift-Dir - straight line, f/p - two-headed ogre
Aim: a two-headed ogre, wielding two +0 giant clubs (moderately wounded)
The roots erupt in riotous growth!
Roots grab the two-headed ogre.
Roots grab the orc.
Roots grab the orc wizard.
The grasping roots constrict the two-headed ogre.
The grasping roots constrict the orc wizard.
The grasping roots constrict the orc.
The orc closely misses you.
The orc wizard hits you but does no damage.
The two-headed ogre hits you with a +0 giant club!
The two-headed ogre hits you with a +0 giant club!!
* * * LOW HITPOINT WARNING * * *
The grasping roots constrict the two-headed ogre.
The grasping roots constrict the orc wizard.
The grasping roots constrict the orc.
You kill the orc!
Trog accepts your kill.
The roots release their grip on the two-headed ogre.
The orc wizard gestures at you while chanting.
You resist with almost no effort.
The grasping roots constrict the orc wizard.
You kill the orc wizard!
Trog accepts your kill.
Trog appreciates your killing of a magic user.
A red film seems to cover your vision as you go berserk!
You feel yourself moving faster!
You feel mighty!
The two-headed ogre hits you with a +0 giant club!
You die...

## .? .# .######
###########).....#
#.......SO.o......
#.#######..)...###
#.# #...#.........
#.# #.#.#..#......
#.###.#.#?.#.#.###
#..)....#..#.#.#
#####...#... # #
###.##.# #.#


You could see a two-headed ogre and an orc warrior.

Vanquished Creatures
  The ghost of Ethylacetat the Changeling, a novice OpSh (D:5)
  3 dream sheep
  A wyvern (D:7)
  A water moccasin (D:7)
  An ice beast (D:7)
  2 sky beasts (D:7)
  An ogre (D:5)
  2 centaurs
  A phantom (D:6)
  A bullfrog (D:7)
  5 scorpions
  7 wights
  A howler monkey (D:5)
  2 orc priests
  3 hounds (D:6)
  A jelly (D:5)
  2 quasits (D:7)
  Crazy Yiuf (D:4)
  Jessica (D:3)
  2 gnoll boudas
  2 sleepcaps
  Terence (D:3)
  Natasha (thrice) (D:4)
  7 orc wizards
  7 gnolls
  6 adders
  4 shadow imps (D:7)
  5 white imps (D:7)
  6 ufetubi
  A worm (D:3)
  2 dart slugs
  18 orcs
  8 ball pythons
  3 bats
  4 endoplasms
  5 giant cockroaches
  3 goblins
  4 hobgoblins
  9 jackals
  7 kobolds
  3 quokkas
  7 rats
154 creatures vanquished.

Vanquished Creatures (others)
  A phantom (D:6)
  A shadow imp (D:6)
2 creatures vanquished.

Grand Total: 156 creatures vanquished

Notes
Turn   | Place    | Note
-------+----------+-------------------------------------------
     0 | D:1      | Ethylacetat the Vine Stalker Monk began the quest for the
                  | Orb.
     0 | D:1      | Reached XP level 1. HP: 11/11 MP: 2/2
    63 | D:1      | Found Xisu's Assorted Antiques.
   157 | D:1      | Found a faded altar of an unknown god.
   174 | D:1      | Reached XP level 2. HP: 14/16 MP: 2/4
   174 | D:1      | Prayed at the altar of an unknown god.
   174 | D:1      | Became a worshipper of Trog the Wrathful
   174 | D:1      | Reached * piety under Trog
   174 | D:1      | Reached ** piety under Trog
   269 | D:1      | Reached *** piety under Trog
   492 | D:1      | Found Zidomor's Book Shop.
   559 | D:1      | Found Jadaere's Assorted Antiques.
   746 | D:2      | Reached XP level 3. HP: 20/20 MP: 5/5
   937 | D:2      | Found a basalt altar of Yredelemnul.
  1208 | D:3      | Gained mutation: Your natural rate of healing is unusually
                  | fast. [Vine Stalker growth]
  1208 | D:3      | Reached XP level 4. HP: 20/24 MP: 4/6
  1262 | D:3      | Noticed Terence
  1276 | D:3      | Killed Terence
  1339 | D:3      | Reached XP level 5. HP: 29/29 MP: 7/7
  1447 | D:3      | Noticed Jessica
  1454 | D:3      | Killed Jessica
  1454 | D:3      | Reached **** piety under Trog
  1673 | D:4      | Reached XP level 6. HP: 28/34 MP: 6/8
  1825 | D:4      | Noticed Natasha
  1837 | D:4      | Killed Natasha
  1934 | D:4      | Noticed Natasha
  1942 | D:4      | Killed Natasha
  1952 | D:4      | Found a sparkling altar of Nemelex Xobeh.
  2012 | D:4      | Found Urilituboa's Fire Supplies.
  2093 | D:4      | Found a runed translucent door.
  2094 | D:4      | Noticed Crazy Yiuf
  2101 | D:4      | Killed Crazy Yiuf
  2163 | D:4      | Noticed Natasha
  2174 | D:4      | Killed Natasha
  2175 | D:4      | Reached skill level 1 in Shields
  2318 | D:5      | Entered Level 5 of the Dungeon
  2320 | D:5      | Found a transporter.
  2326 | D:5      | Reached skill level 1 in Spellcasting
  2338 | D:5      | Noticed Ethylacetat's ghost (novice OpSh)
  2389 | D:5      | Reached skill level 5 in Fighting
  2389 | D:5      | Reached skill level 1 in Shapeshifting
  2389 | D:5      | Reached XP level 7. HP: 39/39 MP: 9/9
  2422 | D:5      | Reached skill level 1 in Unarmed Combat
  2733 | D:5      | Found a transporter.
  2762 | D:5      | Killed Ethylacetat's ghost
  2763 | D:5      | Gained mutation: You have razor-sharp teeth. [Vine Stalker
                  | growth]
  2763 | D:5      | Reached XP level 8. HP: 44/44 MP: 10/10
  3172 | D:6      | Found an iron altar of Okawaru.
  3296 | D:6      | Found an opulent altar of Gozag.
  3409 | D:6      | Found a staircase to the Ecumenical Temple.
  3528 | D:6      | Reached ***** piety under Trog
  3952 | D:7      | Noticed a dream sheep
  3956 | D:7      | Noticed a dream sheep
  3960 | D:7      | Noticed a dream sheep
  3986 | D:6      | Killed a dream sheep
  3987 | D:6      | Reached skill level 5 in Shapeshifting
  4005 | D:6      | Reached XP level 9. HP: 33/48 MP: 7/11
  4156 | D:7      | Reached skill level 5 in Unarmed Combat
  4746 | D:7      | Reached XP level 10. HP: 52/55 MP: 12/12
  4955 | D:8      | Noticed a two-headed ogre
  4962 | D:8      | HP: 2/53 [two-headed ogre/+0 giant club (16)]
  4965 | D:8      | Slain by a two-headed ogre

Illustrated notes

Levels and vault maps discovered:
D:1:      onia_arrival_handbag, layout_basic, serial_shops, shop,
          nicolae_shop_back_alley_shop, nicolae_shop_back_alley_shop,
          hellmonk_ecumenical_altar_blasted
D:2:      layout_rooms, basic_altar
D:3:      layout_rooms, uniq_jessica, uniq_terence
D:4:      layout_cave_pools, mainiacjoe_overflow_paths, grunt_ministairs_8,
          hangedman_decor_peaks_small, minmay_misc_feat_square,
          nicolae_shop_fire_sale [nicolae_sub_dead_trees],
          hangedman_abyss_or_decor_stabs, uniq_natasha, uniq_crazy_yiuf_cottage
D:5:      layout_loops_ring, gammafunk_ghost_arena
D:6:      layout_basic, nicolae_overflow_crystal_walls, lemuel_tele_altar,
          temple_pool_b, lemuel_flamethrower_2
D:7:      layout_loops_cross, serial_demonic, serial_demonic_d,
          serial_demonic_f, serial_demonic_a, serial_demonic_e,
          serial_demonic_d, serial_demonic_a, serial_demonic_a,
          grunt_ministairs_9, dreamdust_gnoll_shepherd
D:8:      layout_basic, mainiacjoe_overflow_24_doors, ebering_ghost_gozag,
          kennysheep_generic_room_6

Skill      XL: |  1  2  3  4  5  6  7  8  9 |
---------------+----------------------------+-----
Fighting       | 3 4 5 6 7 |  7.4
Axes           | 3 4 |  4.8
Shields        | 1 |  1.0
Spellcasting   | 1 |  1.3
Shapeshifting  | 1 3 5 7 |  7.1
Unarmed Combat | 2 4 5 |  5.9
Dodging        | |  2.4

Action                     |  1- 3 |  4- 6 |  7- 9 | 10-12 || total
---------------------------+-------+-------+-------+-------++-------
  Melee: Hand axe          |    80 |   115 |   118 |       ||   313
         Bite              |    21 |    54 |    45 |       ||   120
         Unarmed           |       |       |    85 |     6 ||    91
         Morningstar       |       |       |     2 |       ||     2
         Constrict         |       |       |    23 |     2 ||    25
 Invoke: Berserk           |       |     1 |     1 |     1 ||     3
  Evoke: Wand              |       |       |     1 |     2 ||     3
 Armour: Robe              |     3 |    13 |       |       ||    16
         Chain mail        |       |    15 |     3 |       ||    18
         Plate armour      |       |       |    58 |       ||    58
         Skin              |       |       |    33 |     3 ||    36
  Dodge: Dodged            |    52 |    64 |    46 |     6 ||   168
  Block: Kite shield       |       |    19 |    59 |       ||    78
   Form: Anaconda          |       |       |     1 |       ||     1

Table legend: (Time is in decaauts)
 A = Elapsed time spent in this place.
 B = Non-inter-level travel time spent in this place.
 C = Inter-level travel time spent in this place.
 D = Time resting spent in this place.
 E = Time spent auto-exploring this place.
 F = Levels seen in this place.
 G = Mean time per level.
                   A        B        C        D        E       F      G
               +--------+--------+--------+--------+--------+-----+--------+
         Total |   5029 |   4932 |     97 |     23 |   3830 |   8 |  628.6 |
       Dungeon |   5029 |   4932 |     97 |     23 |   3830 |   8 |  628.6 |
               +--------+--------+--------+--------+--------+-----+--------+

Top non-repeatable levels by time:
     D:6: 910 daAuts
     D:7: 905 daAuts
     D:5: 793 daAuts
     D:1: 704 daAuts
     D:4: 682 daAuts
     D:2: 502 daAuts
     D:3: 462 daAuts
     D:8: 68 daAuts
